 Dungeon Crawl Stone Soup version 0.16-a0-670-g3b10be2 (webtiles) character file.

30 PolkaDot the Skirmisher (level 3, 0/25 HPs)
             Began as a Vampire Abyssal Knight on Sept 19, 2014.
             Was a Follower of Lugonu.
             Slain by a giant gecko (3 damage)
             ... on Level 2 of the Dungeon.
             The game lasted 00:02:36 (1278 turns).

PolkaDot the Skirmisher (Vampire Abyssal Knight)    Turns: 1278, Time: 00:02:36

HP   0/25        AC  1     Str  9      XL: 3   Next:  5%
MP   4/4         EV 11     Int 19      God: Lugonu [*.....]
Gold 10          SH  0     Dex 14      Spells:  0 memorised,  2 levels left

rFire  . . .     SeeInvis +     a - +1 spear
rCold  . . .     Clarity  .     b - +0 leather armour
rNeg   . . .     rCorr    .     (no shield)
rPois  .         rRot     .     (no helmet)
rElec  .         Spirit   .     (no cloak)
SustAb .         Warding  .     (no gloves)
rMut   .         Stasis   .     (no boots)
Gourm  .                        (no amulet)
MR     .....                    (no ring)
                                (no ring)

@: brilliant, regenerating quickly, not resistant to hostile enchantments, very
unstealthy
A: fangs 3, see invisible, deformed body, frail 1, weak 1, unbreathing
a: Depart the Abyss, Renounce Religion


You were on level 2 of the Dungeon.
You worshipped Lugonu.
Lugonu was aware of your devotion.
You were very full.

You visited 1 branch of the dungeon, and saw 2 of its levels.
You visited the Abyss 1 time.

You collected 10 gold pieces.

Inventory:

Hand weapons
 a - a +1 spear (weapon)
Armour
 b - a +0 leather armour (worn)
Scrolls
 e - a scroll of enchant armour
 f - a scroll of random uselessness {unknown}
 g - a scroll of recharging {unknown}
 h - a scroll of blinking {unknown}
 j - a scroll of enchant weapon {unknown}


   Skills:
 - Level 2.6 Fighting
 * Level 2.5 Polearms
 - Level 0.7 Armour
 - Level 2.1 Dodging
 + Level 2.4 Invocations


You had 2 spell levels left.
You didn't know any spells.

Dungeon Overview and Level Annotations

Branches:
Dungeon (2/15)

Altars:


Innate Abilities, Weirdness & Mutations

Your natural rate of healing is unusually fast.
You have razor-sharp teeth.
You have supernaturally acute eyesight.
You can survive without breathing.
[Armour fits poorly on your strangely shaped body.]
[You are frail (-10% HP).]
[You are weak. (Str -2)]


Message History

* * * LOW HITPOINT WARNING * * *
You barely miss the giant gecko.
The giant gecko is heavily wounded.
The giant gecko bites you.
* * * LOW HITPOINT WARNING * * *
Drink which item? (? for menu, Esc to quit)
You feel clever all of a sudden.
It was a potion of brilliance.
The giant gecko bites you.
* * * LOW HITPOINT WARNING * * *
The giant gecko barely misses you.
Drink which item? (? for menu, Esc to quit)
Yummy - fresh blood!
The giant gecko bites you.
* * * LOW HITPOINT WARNING * * *
Read which item? (? for menu, Esc to quit)
As you read the scroll labeled SYCKILA MIGAC, it crumbles to dust.
It is a scroll of identify.
Identify which item? (\ to view known items) (? for menu, Esc to quit)
e - a scroll of enchant armour The giant gecko bites you.
You die...

.. #. #.##
#..#######..#
###+##...........
#....#(.######...
#.......######..#
#.....#.........#
###@#.#..####...#
#l#.#.....# #
#K#.#.#.#.#
#.#.#.#.#.#
#.#.#.)<..#
########.#.####.##
#.................
#............##..##
#............+....


You could see a giant gecko and a kobold.

Vanquished Creatures
  An adder (D:2)
  An ooze (D:1)
  A ball python (D:1)
  A giant cockroach (D:1)
  2 goblins (D:1)
  5 hobgoblins (D:1)
  3 jackals (D:1)
  A kobold (D:1)
  A bat (D:1)
  2 giant newts (D:1)
  2 rats (D:1)
20 creatures vanquished.

Notes
Turn   | Place    | Note
--------------------------------------------------------------
     0 | Abyss:1  | PolkaDot, the Vampire Abyssal Knight, began the quest for the Orb.
     0 | Abyss:1  | Reached XP level 1. HP: 17/17 MP: 1/1
     2 | Abyss:1  | Found a corrupted altar of Lugonu.
    33 | Abyss:1  | Noticed a cacodemon
    34 | Abyss:1  | Noticed a worldbinder
    42 | Abyss:1  | Noticed a warg
    42 | Abyss:1  | Noticed an orc priest
    47 | Abyss:1  | Noticed an orc warrior
    48 | Abyss:1  | Noticed a warg
    48 | Abyss:1  | Noticed an orc warrior
    51 | Abyss:1  | Noticed an orc priest
    51 | Abyss:1  | Noticed an orc priest
    52 | Abyss:1  | Noticed a wretched star
    61 | D:1      | Escaped the Abyss
   523 | D:1      | Acquired Lugonu's first power
   523 | D:1      | Reached XP level 2. HP: 17/20 MP: 2/2
  1240 | D:2      | Reached XP level 3. HP: 16/25 MP: 4/4
  1278 | D:2      | Slain by a giant gecko

Action                   || total
-------------------------++-------
Melee: Spear             ||    83
Invok: Depart the Abyss  ||     1
  Use: Potion            ||     2
       Scroll            ||     1
  Eat: Corpse            ||     7
